 Dungeon Crawl Stone Soup version 0.18-a0-596-g6468885 (webtiles) character file.

98 Raultor the Sneak (level 4, -3/30 HPs)
             Began as a Vampire Enchanter on Dec 3, 2015.
             Slain by Ijyb (4 damage)
             ... on level 3 of the Dungeon.
             The game lasted 00:11:09 (3061 turns).

Raultor the Sneak (Vampire Enchanter)               Turns: 3061, Time: 00:11:09

Health: -3/30      AC:  3    Str:  7    XL:     4   Next: 44%
Magic:  0/7        EV: 13    Int: 17    God:
Gold:   107        SH:  0    Dex: 15    Spells: 3 memorised, 1 level left

rFire  . . .     SeeInvis +     a - +1 dagger
rCold  + + .     Clarity  .     b - +1 robe
rNeg   + + .     SustAt   .     (no shield)
rPois  +         Gourm    .     (no helmet)
rElec  .         Spirit   .     (no cloak)
rCorr  .         Dismiss  .     (no gloves)
rMut   .         Stasis   .     (no boots)
MR     .....                    (no amulet)
Stlth  ++++......               t - ring of wizardry {Wiz+, !d}
                                g - ring of protection from cold {rC+, !d}

@: regenerating slowly, not resistant to hostile enchantments, stealthy
A: fangs 3, see invisible, unbreathing
a: Bat Form


You were on level 3 of the Dungeon.
You were very thirsty.

You visited 1 branch of the dungeon, and saw 3 of its levels.

You collected 107 gold pieces.

Inventory:

Hand Weapons
 a - a +1 dagger (weapon)
Armour
 b - a +1 robe (worn)
Jewellery
 g - a ring of protection from cold (left hand) {rC+, !d}
   (You found it on level 1 of the Dungeon)
 t - a ring of wizardry (right hand) {Wiz+, !d}
   (You found it on level 3 of the Dungeon)
 v - an uncursed ring of fire {unknown}
   (You took it off an orc on level 3 of the Dungeon)
Wands
 q - a wand of invisibility (3)
   (You found it on level 3 of the Dungeon)
 r - a wand of frost (19)
   (You found it on level 3 of the Dungeon)
 s - a wand of flame (25)
   (You found it on level 3 of the Dungeon)
 u - a wand of hasting (1)
   (You took it off an orc on level 3 of the Dungeon)
Scrolls
 f - 3 scrolls of amnesia {unknown}
 i - 2 scrolls of remove curse {unknown}
 l - 3 scrolls of identify
 n - a scroll of recharging {unknown}
 p - a scroll of noise {unknown}
Potions
 d - 7 potions of blood {@q1}
 e - a potion of curing {unknown}
 h - a potion of cure mutation {unknown}
 j - a potion of agility {unknown}
 k - a potion of haste {unknown}
 m - a potion of degeneration {unknown}
 o - a potion of flight {unknown}
Books
 c - a book of Maledictions


   Skills:
 - Level 0.1 Fighting
 * Level 1.5 Short Blades
 - Level 2.3 Dodging
 + Level 5.9 Stealth
 + Level 2.3 Spellcasting
 * Level 5.9 Hexes
 + Level 0.4 Ice Magic


You had one spell level left.
You knew the following spells:

 Your Spells              Type           Power        Failure   Level  Hunger
a - Ensorcelled Hibernat  Hex/Ice        ##....       4%          2    ###....
b - Tukima's Dance        Hex            ###.....     3%          3    ###....
v - Corona                Hex            ###....      1%          1    #......


Dungeon Overview and Level Annotations

Branches:
Dungeon (3/15)

Altars:
Vehumet
Xom
The Shining One

Annotations:
D:3 Ijyb


Innate Abilities, Weirdness & Mutations

You heal slowly.
You have razor-sharp teeth.
You have supernaturally acute eyesight.
You can survive without breathing.


Message History

You open the door.
There is an open door here.
Found an escape hatch in the ceiling.
There is an escape hatch in the ceiling here.
There is an escape hatch in the ceiling here.
Found a stone staircase leading down.
Found a stone staircase leading down.
You now have 107 gold pieces (gained 5).
A goblin comes into view.
The goblin shouts!
The goblin hits you but does no damage.
You hear a shout!
You hit the goblin but do no damage. You barely miss the goblin.
You closely miss the goblin. Your bite misses the goblin. The goblin hits you.
You take 1 damage, and have 29/30 hp.
You hit the goblin but do no damage. The goblin hits you.
You take 2 damage, and have 27/30 hp.
You hit the goblin but do no damage. The goblin misses you.
You hit the goblin but do no damage. The goblin hits you.
You take 2 damage, and have 25/30 hp.
You hit the goblin.
You kill the goblin!
No target in view!
No target in view!
Really walk into a travel-excluded area?
Things that are here:
a ring mail; a goblin corpse Ijyb shouts!
Aim: Ijyb, wearing a leather armour (chance to defeat MR: 51%) Ijyb resists with some effort.
Ijyb closely misses you.
You now have 5/7 mp.
Aim: Ijyb, wearing a leather armour (chance to defeat MR: 51%) Ijyb looks drowsy...
You now have 3/7 mp.
The helpless Ijyb fails to defend himself.
You bite Ijyb, and draw his blood!
You feel better.
You feel slightly less thirsty.
You impale Ijyb!! Ijyb closely misses you.
Health restored: 30
Aim: Ijyb, wearing a leather armour (severely wounded, chance to defeat MR: 84%)
Okay, then.
You hit Ijyb but do no damage. You closely miss Ijyb. Ijyb hits you.
You take 3 damage, and have 27/30 hp.
You barely miss Ijyb. Ijyb hits you.
You take 3 damage, and have 24/30 hp.
You closely miss Ijyb. Ijyb hits you.
You take 4 damage, and have 20/30 hp.
Aim: Ijyb, wearing a leather armour (severely wounded, chance to defeat MR: 51%)
You miscast Ensorcelled Hibernation.
You are very lightly contaminated with residual magic.
Nothing appears to happen.
Ijyb hits you.
You take 2 damage, and have 18/30 hp.
You now have 1/7 mp.
You closely miss Ijyb. Ijyb barely misses you.
You hit Ijyb. Ijyb barely misses you.
You hit Ijyb but do no damage. Ijyb hits you.
You take 2 damage, and have 16/30 hp.
You hit Ijyb but do no damage. Ijyb hits you.
You take 1 damage, and have 15/30 hp.
You hit Ijyb.
Ijyb screams, "No!
No, no, no, no!"
Ijyb hits you.
You take 1 damage, and have 14/30 hp.
You barely miss Ijyb. Ijyb closely misses you.
Aim: Ijyb, wearing a leather armour (almost dead, chance to defeat MR: 51%) Ijyb is unaffected.
Ijyb barely misses you.
You now have 0/7 mp.
You hit Ijyb. Ijyb barely misses you.
You hit Ijyb but do no damage. Ijyb barely misses you.
You miss Ijyb. You completely miss Ijyb. Ijyb closely misses you.
You hit Ijyb but do no damage. Your bite misses Ijyb. Ijyb hits you.
You take 1 damage, and have 14/30 hp.
You hit Ijyb but do no damage. Ijyb barely misses you.
You barely miss Ijyb. You bite Ijyb, but do no damage. Ijyb hits you.
You take 1 damage, and have 13/30 hp.
You closely miss Ijyb. Ijyb hits you.
* * * LOW HITPOINT WARNING * * *
You take 4 damage, and have 9/30 hp.
You hit Ijyb but do no damage. Ijyb hits you but does no damage.
You hit Ijyb but do no damage. Ijyb hits you.
* * * LOW HITPOINT WARNING * * *
You take 4 damage, and have 5/30 hp.
You hit Ijyb but do no damage. Ijyb misses you.
You closely miss Ijyb. Ijyb completely misses you.
You barely miss Ijyb. Ijyb hits you.
* * * LOW HITPOINT WARNING * * *
You take 3 damage, and have 2/30 hp.
You barely miss Ijyb. Ijyb barely misses you.
Your magical contamination has completely faded away.
Drink which item? (? for menu, Esc to quit)
Okay, then.
Ijyb screams, "It's all mine!"
Okay, then.
Aim: Ijyb, wearing a leather armour (almost dead, chance to defeat MR: 51%) Ijyb resists with some effort.
Ijyb hits you.
* * * LOW HITPOINT WARNING * * *
You take 1 damage, and have 1/30 hp.
You now have 0/7 mp.
You hit Ijyb. Ijyb hits you.
You die...

#...#.#####.##.#...[.............
.....#...........#.#####..#.#....
#...#.#............# #.........
.........#...#.#.### ##.........
......#..#...#.#.### ............
...................#.........#...
....#.#..........................
....+#...#.......................
....#.#........g@............#...
.....#...##..#............#.##...
#.#.#.#..##..#.........#..#.###..
.#.#.#......................##...
#.#.#.#..##..................'...
.#.#.#.......#...............#...
###.#.#...........##......#..#...
#.#.#...##...............#......
##.#.#...................#......


You could see Ijyb.

Vanquished Creatures
  2 adders
  2 worms
  A giant gecko (D:1)
  4 orcs (D:3)
  7 goblins
  9 hobgoblins
  8 kobolds
  9 bats
  A giant newt (D:2)
  6 rats
49 creatures vanquished.

Vanquished Creatures (collateral kills)
  An orc priest (D:3)
  4 orcs
5 creatures vanquished.

Grand Total: 54 creatures vanquished

Notes
Turn   | Place    | Note
--------------------------------------------------------------
     0 | D:1      | Raultor the Vampire Enchanter began the quest for the Orb.
     0 | D:1      | Reached XP level 1. HP: 13/13 MP: 3/3
   327 | D:1      | Reached XP level 2. HP: 19/19 MP: 5/5
   331 | D:1      | Learned a level 2 spell: Ensorcelled Hibernation
   605 | D:1      | Reached skill level 5 in Hexes
   872 | D:1      | Reached skill level 5 in Stealth
   872 | D:1      | Reached XP level 3. HP: 24/24 MP: 1/6
  1213 | D:2      | Found a faded altar to an unknown god.
  1270 | D:2      | Found a glowing golden altar of the Shining One.
  1484 | D:2      | Learned a level 3 spell: Tukima's Dance
  1907 | D:3      | Found a shimmering altar of Xom.
  1947 | D:3      | Noticed Ijyb
  1965 | D:3      | Reached XP level 4. HP: 30/30 MP: 2/7
  2283 | D:3      | Noticed a giant frog
  2302 | D:3      | HP: 3/30 [giant frog (6)]
  2802 | D:3      | Found a radiant altar of Vehumet.
  3049 | D:3      | HP: 5/30 [Ijyb (4)]
  3052 | D:3      | HP: 2/30 [Ijyb (3)]
  3060 | D:3      | HP: 1/30 [Ijyb (2)]
  3061 | D:3      | Slain by Ijyb

Vault maps used:
D:1:      minmay_arrival_jagged
D:2:      tso_metal_star, ecumenical_altar_1
D:3:      vehumet_crystals, lemuel_round_altar, first_bread,
          kennysheep_pointless_box, uniq_iyjb

Action                   |  1- 3 |  4- 6 || total
-------------------------+-------+-------++-------
Melee: Dagger            |   113 |    84 ||   197
 Cast: Ensorcelled Hiber |    17 |     8 ||    25
       Tukima's Dance    |     1 |     4 ||     5
 Abil: End Transformatio |       |     1 ||     1
       Bat Form          |       |     1 ||     1
  Use: Scroll            |       |     1 ||     1
 Stab: Sleeping          |    21 |     2 ||    23
  Eat: Corpse            |       |     3 ||     3

Vault maps used:
D:1:      minmay_arrival_jagged
D:2:      tso_metal_star, ecumenical_altar_1
D:3:      vehumet_crystals, lemuel_round_altar, first_bread,
          kennysheep_pointless_box, uniq_iyjb

Table legend:
 A = Turns spent in this place as a percentage of turns spent in the entire game.
 B = Non-inter-level travel turns spent in this place as a percentage of non-inter-level travel turns spent in the entire game.
 C = Inter-level travel turns spent in this place as a percentage of turns spent in this place.
 D = Turns resting spent in this place as a percentage of non-inter-level travel turns spent in this place.
 E = Turns spent auto-exploring this place as a percentage of non-inter-level travel turns spent in this place.
 F = Non-inter-level travel turns spent in this place divided by the number of levels of this place that you've seen.
                   A       B       C       D       E      F
               +-------+-------+-------+-------+-------+----------------------
         Total | 100.0 | 100.0 |   0.5 |   3.0 |  11.1 | 264.7
       Dungeon | 100.0 | 100.0 |   0.5 |   3.0 |  11.1 | 264.7
               +-------+-------+-------+-------+-------+----------------------

Table legend:
 A = Kills in this place as a percentage of kills in entire the game.
 B = Kills by you in this place as a percentage of kills by you in the entire game.
 C = Kills by friends in this place as a percentage of kills by friends in the entire game.
 D = Other kills in this place as a percentage of other kills in the entire game.
 E = Experience gained in this place as a percentage of experience gained in the entire game.
 F = Experience gained in this place divided by the number of levels of this place that you have seen.
                   A       B       C       D       E      F
               +-------+-------+-------+-------+-------+----------------------
         Total | 100.0 | 100.0 | 100.0 |  -nan | 100.0 |  47.0
       Dungeon | 100.0 | 100.0 | 100.0 |  -nan | 100.0 |  47.0
               +-------+-------+-------+-------+-------+----------------------
